 Dungeon Crawl Stone Soup version 0.30-a0-557-ge2afbf3030 (webtiles) character file.

Game seed: 3951117066626710543

64 jfcaron the Covered (level 4, 0/60 HPs)
             Began as a Meteoran Fighter on Dec 27, 2022.
             Slain by a goblin
             ... wielding a +0 club
              (2 damage)
             ... on level 2 of the Dungeon.
             The game lasted 00:02:40 (508 turns).

jfcaron the Covered (Meteoran Fighter)               Turns: 508, Time: 00:02:41

Health: 0/60       AC: 22    Str: 19    XL:     4   Next: 58%
Magic:  5/5        EV:  2    Int:  9    God:
Gold:   52         SH:  5    Dex: 14    Spells: 3/3 levels left

rFire   . . .      SeeInvis .    a - +0 war axe
rCold   . . .      Faith    .    c - +0 buckler
rNeg    . . .      Spirit   .    (body armour currently unavailable)
rPois   +          Reflect  .    (helmet currently unavailable)
rElec   .          Harm     .    (cloak currently unavailable)
rCorr   .          Rampage  .    (gloves currently unavailable)
Will    .....      NoTele   +    (boots currently unavailable)
Stlth   +                        (no amulet)
HPRegen 0.30/turn                (no ring)
MPRegen 0.09/turn                (no ring)

@: mighty, tree-form, attractive, glowing
A: stationary, stasis, torment immunity, boosted hp, sense surroundings 1,
otherworldly, glowing, explore regen
a: no special abilities


You were on level 2 of the Dungeon.
You were a tree.
You visited 1 branch of the dungeon, and saw 2 of its levels.

You collected 52 gold pieces.

Inventory:

Hand Weapons
 a - a +0 war axe (weapon)
Armour
 b - a +0 scale mail
 c - a +0 buckler (worn)
 i - a +0 chain mail (melded)
 j - a +0 pair of gloves (melded)
Scrolls
 g - a scroll of enchant armour {unknown}
 h - a scroll of teleportation {unknown}
 l - a scroll of vulnerability {unknown}
 m - a scroll of magic mapping {unknown}
Potions
 e - a potion of lignification
 k - a potion of degeneration {unknown}


   Skills:
 + Level 3.7 Fighting
 * Level 3.7 Axes
 + Level 4.1 Armour
 + Level 4.1 Shields


You had 3 spell levels left.
You didn't know any spells.
Your spell library contained the following spells:

 Spells                   Type           Power      Damage    Failure   Level
 Freeze                   Ice            0%         1d3       45%         1
 Airstrike                Air            0%         2d(0-16)  99%         4
 Summon Lightning Spire   Summ/Air       0%         N/A       99%         4
 Lightning Bolt           Conj/Air       0%         1d11      100%        5


Dungeon Overview and Level Annotations

Branches:
Dungeon (2/15) Zot: 658

Altars:


Innate Abilities, Weirdness & Mutations

You are a tree.
Your roots penetrate the ground, keeping you stationary.
You cannot be teleported.
You are immune to unholy pain and torment.
Your maximum health is greatly increased.
Your equipment is partially melded.
You passively map a small area around you.
You are easily found by Zot.
You glow in the dark.
You regain HP and MP as you explore.


Message History

The goblin shouts!
The endoplasm hits you. The gnoll hits you with a +0 halberd!
The goblin hits you but does no damage.
Things that are here:
a +0 short sword; 5 stones You closely miss the gnoll.
You hit the endoplasm.
You kill the endoplasm!
You hit the goblin.
You kill the goblin!
You barely miss the gnoll. The gnoll closely misses you.
The gnoll hits you with a +0 halberd!
* * * LOW HITPOINT WARNING * * *
The gnoll closely misses you. You block the gnoll's attack.
You slice the gnoll!!
You kill the gnoll!
You slash the gnoll!
You kill the gnoll!
You slash the gnoll! The gnoll hits you with a +0 club.
* * * LOW HITPOINT WARNING * * *
The gnoll hits you from afar with a +0 spear.
* * * LOW HITPOINT WARNING * * *
You have reached level 4!
It was a potion of lignification.
You turn into a tree.
Your +0 pair of gloves melds into your body.
Your +0 chain mail melds into your body.
Your roots penetrate the ground.
The gnoll hits you but does no damage. x2
You barely miss the goblin. You hit the gnoll.
You kill the gnoll!
The goblin hits you but does no damage. You block the gnoll's attack.
It was a potion of attraction.
You feel attractive to monsters. The goblin hits you but does no damage.
The gnoll hits you from afar with a +0 spear.
* * * LOW HITPOINT WARNING * * *
The gnoll is attracted toward you.
You barely miss the gnoll. You closely miss the goblin.
The goblin hits you but does no damage. The gnoll hits you with a +0 spear.
* * * LOW HITPOINT WARNING * * *
The gnoll hits you but does no damage. The goblin hits you with a +0 club.
You die...

..#....#######..,
###............. ..)###
# #...........####......
# #...........#.........
,
######........#.........
, ,
..............#.........
..............#.........
,
..............#.g.......
##########.[.##.♣g§.....
#...'..)....... * ,
#...#####...... #...#
###### #...# #...# *
#...# ##.## * ** #.#


You could see a gnoll and a goblin.

Vanquished Creatures
  4 gnolls
  3 endoplasms
  2 giant cockroaches (D:1)
  4 goblins
  2 quokkas
  A ball python (D:1)
  4 bats (D:1)
  3 frilled lizards (D:1)
  3 kobolds
  A rat (D:1)
27 creatures vanquished.

Notes
Turn   | Place    | Note
-------+----------+-------------------------------------------
     0 | D:1      | jfcaron the Meteoran Fighter began the quest for the Orb.
     0 | D:1      | Reached XP level 1. HP: 19/19 MP: 2/2
    80 | D:1      | HP: 2/19 [gnoll/+0 club (7)]
    82 | D:1      | Reached XP level 2. HP: 3/26 MP: 3/3
   210 | D:1      | Reached XP level 3. HP: 31/31 MP: 4/4
   362 | D:1      | Found a faded altar of an unknown god.
   370 | D:1      | Got Plato's Tractate on the Chill
   504 | D:2      | HP: 4/31 [gnoll/+0 club (6)]
   505 | D:2      | Reached XP level 4. HP: 2/40 MP: 5/5
   508 | D:2      | Slain by a goblin

Illustrated notes

Levels and vault maps discovered:
D:1:      sevenhm_arrival_forest_fort_small_5, layout_basic,
          shapermc_ecumenical_altar_rom_forum
D:2:      layout_basic, uniq_jessica, uniq_crazy_yiuf_cottage

Skill      XL: |  1  2  3 |
---------------+----------+-----
Axes           | 3 |  3.7
Shields        | 4 |  4.1
Armour         | 4 |  4.1
Fighting       | |  3.7

Action                   |  1- 3 |  4- 6 || total
-------------------------+-------+-------++-------
Melee: War axe           |    74 |     2 ||    76
  Use: Potion            |     1 |     2 ||     3
Armor: Scale mail        |    40 |       ||    40
       Chain mail        |    10 |       ||    10
       Skin              |       |     6 ||     6
Dodge: Dodged            |    35 |       ||    35
Block: Buckler           |    21 |     1 ||    22

Table legend: (Time is in decaauts)
 A = Elapsed time spent in this place.
 B = Non-inter-level travel time spent in this place.
 C = Inter-level travel time spent in this place.
 D = Time resting spent in this place.
 E = Time spent auto-exploring this place.
 F = Levels seen in this place.
 G = Mean time per level.
                   A        B        C        D        E       F      G
               +--------+--------+--------+--------+--------+-----+--------+
         Total |    539 |    539 |      0 |      0 |    319 |   2 |  269.5 |
       Dungeon |    539 |    539 |      0 |      0 |    319 |   2 |  269.5 |
               +--------+--------+--------+--------+--------+-----+--------+

Top non-repeatable levels by time:
     D:1: 427 daAuts
     D:2: 112 daAuts
